 Dungeon Crawl Stone Soup version 0.26.0-11-g8f856b5395 (webtiles) character file.

Game seed: 1854300428818447920

294 Descartes the Conjurer (level 6, -1/32 HPs)
             Began as a Deep Elf Hedge Wizard on Jan 15, 2021.
             Was an Initiate of Gozag.
             Slain by an iguana (4 damage)
             ... on level 3 of the Dungeon.
             The game lasted 00:12:48 (4555 turns).

Descartes the Conjurer (Deep Elf Hedge Wizard)      Turns: 4555, Time: 00:12:49

Health: -1/32      AC:  8    Str:  8    XL:     6   Next: 11%
Magic:  12/15      EV: 13    Int: 20    God:    Gozag
Gold:   374        SH:  0    Dex: 14    Spells: 14/15 levels left

rFire    + . .     SeeInvis .   A - +1 war axe (venom)
rCold    . . .     Faith    .   (no shield)
rNeg     . . .     Spirit   .   o - +2 robe {rF+}
rPois    .         Reflect  .   c - +0 hat
rElec    .         Harm     .   (no cloak)
rCorr    .         Rampage  .   (no gloves)
Will     .....                  (no boots)
Stlth    +++.......             (no amulet)
HPRegen  0.10/turn              j - +4 ring of protection
MPRegen  0.14/turn              (no ring)

@: no status effects
A: no striking features
a: Renounce Religion, Potion Petition, Call Merchant, Bribe Branch


You were on level 3 of the Dungeon.
You worshipped Gozag.
Gozag was aware of your devotion.
You visited 1 branch of the dungeon, and saw 4 of its levels.

You collected 409 gold pieces.
You paid 35 gold pieces to Gozag.

Inventory:

Hand Weapons
 A - a +1 war axe of venom (weapon)
Missiles
 q - 91 stones
 x - 25 bolts
Armour
 b - a +0 robe
 c - a +0 hat (worn)
 o - a +2 robe of fire resistance (worn)
 y - the +7 plate armour "Mylax" {Rampage}
   (You found it on level 3 of the Dungeon)

   It bestows one free step when moving towards enemies.
Jewellery
 j - a +4 ring of protection (left hand)
Wands
 t - a wand of acid (4)
 w - a wand of flame (25)
Scrolls
 e - a scroll of identify {unknown}
 g - a scroll of enchant armour {unknown}
 k - 2 scrolls of remove curse {unknown}
 l - a scroll of magic mapping {unknown}
 p - a scroll of immolation {unknown}
 r - 2 scrolls of amnesia {unknown}
 u - 2 scrolls of enchant weapon {unknown}
 v - 3 scrolls of random uselessness {unknown}
 B - a scroll of fear {unknown}
 C - a scroll of teleportation {unknown}
Potions
 d - a potion of berserk rage {unknown}
 f - 2 potions of flight {unknown}
 h - 2 potions of brilliance {unknown}
 i - a potion of lignification {unknown}
 m - a potion of mutation {unknown}
 n - 2 potions of resistance {unknown}
 s - a potion of curing
 z - 2 potions of attraction {unknown}


   Skills:
 - Level 2.4 Dodging
 - Level 5.0 Stealth
 - Level 5.0 Spellcasting
 + Level 5.4 Conjurations
 - Level 1.1 Summonings
 - Level 1.1 Translocations


You had 14 spell levels left.
You knew the following spells:

 Your Spells              Type           Power        Failure   Level
a - Magic Dart            Conj           100%         1%          1

Your spell library contained the following spells:

 Spells                   Type           Power        Failure   Level
 Blink                    Tloc           N/A          11%         2
 Call Imp                 Summ           9%           11%         2
 Conjure Flame            Conj/Fire      15%          12%         3
 Slow                     Hex            5%           17%         2
 Mephitic Cloud           Conj/Pois/Air  12%          17%         3


Dungeon Overview and Level Annotations

Branches:
Dungeon (4/15)
 Temple: D:4-7

Altars:
Gozag
Vehumet


Message History

The iguana barely misses you. The worker ant bites you.
The worker ant barely misses you. The iguana barely misses you.
The worker ant bites you but does no damage.
The worker ant barely misses you. The iguana closely misses you.
The worker ant bites you but does no damage.
The iguana barely misses you. The worker ant completely misses you.
You hit the iguana but do no damage.
The iguana is poisoned.
The iguana bites you!
The worker ant bites you but does no damage.
The iguana bites you!
* * * LOW HITPOINT WARNING * * *
The worker ant bites you but does no damage.
The iguana misses you.
The worker ant bites you but does no damage.
The iguana completely misses you. The iguana bites you.
You die...
Your body crumbles into a pile of gold.

#................#
#............##..#
#............##..#
####.##...##.....#
##..#...##.....#
######..............#
#...).......##..[...# #######
###.##Bl.....)........#
#.....###...##@##.............#
#.....#...####.##.............#
#.......######.########.####..#
#.....### ##...# #.###...#
#.....#####..### ###.##..###
####......#.#### ###......####
######......# #.....###....
#......# #.....# #....
#......####.....# #....


You could see an iguana (very poisoned) and a worker ant.

Vanquished Creatures
  Jessica (D:1)
  Terence (D:2)
  Natasha (thrice) (D:1)
  4 gnolls
  4 adders
  An ooze (D:3)
  2 worms
  3 dart slugs
  2 leopard geckos (D:1)
  An orc (D:3)
  7 bats
  5 giant cockroaches
  7 goblins
  7 hobgoblins
  9 jackals
  6 kobolds
  A quokka (D:3)
  A ball python (D:1)
  4 frilled lizards
  11 rats
80 creatures vanquished.

Notes
Turn   | Place    | Note
-------+----------+-------------------------------------------
     0 | D:1      | Descartes the Deep Elf Hedge Wizard began the quest for the
                  | Orb.
     0 | D:1      | Reached XP level 1. HP: 10/10 MP: 7/7
   286 | D:1      | Reached XP level 2. HP: 15/15 MP: 5/9
  1159 | D:2      | Reached skill level 5 in Spellcasting
  1159 | D:2      | Reached XP level 3. HP: 19/19 MP: 7/11
  1259 | D:2      | Noticed Jessica
  1278 | D:1      | Killed Jessica
  1636 | D:2      | Reached XP level 4. HP: 24/24 MP: 5/13
  2444 | D:2      | Noticed Terence
  2450 | D:2      | Noticed Natasha
  2466 | D:1      | Killed Natasha
  2467 | D:1      | Reached skill level 5 in Stealth
  2467 | D:1      | Reached XP level 5. HP: 28/28 MP: 4/14
  2726 | D:1      | Noticed Natasha
  2736 | D:1      | Killed Natasha
  2791 | D:1      | Noticed Natasha
  2798 | D:1      | Killed Natasha
  3218 | D:2      | Found an opulent altar of Gozag.
  3227 | D:2      | Became a worshipper of Gozag Ym Sagoz the Greedy
  3328 | D:2      | Killed Terence
  3537 | D:3      | Reached skill level 5 in Conjurations
  3969 | D:3      | Reached XP level 6. HP: 32/32 MP: 10/15
  4253 | D:3      | Got a faintly humming plate armour
  4264 | D:3      | Identified the +7 plate armour "Mylax" {Rampage} (You found
                  | it on level 3 of the Dungeon)
  4310 | D:3      | Found a radiant altar of Vehumet.
  4555 | D:3      | Slain by an iguana

Illustrated notes

Levels and vault maps discovered:
D:1:      shiori_arrival_oz, layout_loops_ring, minmay_ruptured
D:2:      layout_rooms, nicolae_gozag_seed_capital, uniq_jessica, uniq_natasha,
          uniq_terence
D:3:      minmay_recursive_quarters, layout_rooms, vehumet_crystals
D:4:      layout_rooms, minmay_temple_entry_grid, tgw_fedhas

Skill      XL: |  1  2  3  4  5 |
---------------+----------------+-----
Stealth        | 3 4 5 |  5.0
Conjurations   | 2 3 5 |  5.4
Spellcasting   | 5 |  5.0
Dodging        | |  2.4
Summonings     | |  1.1
Translocations | |  1.1

Action                   |  1- 3 |  4- 6 || total
-------------------------+-------+-------++-------
Melee: Dagger            |    21 |       ||    21
       War axe           |       |     1 ||     1
 Cast: Magic Dart        |    97 |   165 ||   262
Armor: Robe              |    11 |    16 ||    27
Dodge: Dodged            |    35 |    37 ||    72
